 Dungeon Crawl Stone Soup version 0.31-a0-774-g0d66cbabe8 (webtiles) character file.

Game seed: 4112679280097612619

10749 Joey1 the Severer (level 11, -11/69 HPs)
             Began as a Minotaur Fighter on Sept 17, 2023.
             Was an Elder of Okawaru.
             Mangled by a large abomination (14 damage)
             ... on level 2 of the Abyss.
             The game lasted 00:25:43 (9546 turns).

Joey1 the Severer (Minotaur Fighter)                Turns: 9546, Time: 00:25:44

Health: -11/69     AC: 13    Str: 26    XL:     11   Next: 40%
Magic:  10/10      EV: 13    Int:  5    God:    Okawaru [****..]
Gold:   1123       SH:  9    Dex:  9    Spells: 10/10 levels left

rFire   + . .        L - +0 broad axe
rCold   x . .        c - +0 buckler
rNeg    . . .        M - +3 plate armour
rPois   .            (helmet restricted)
rElec   .            r - scarf {rC+ rF+}
rCorr   .            (no gloves)
SInv    .            K - +2 pair of boots
Will    +....        x - amulet of reflection Stlth
                     e - ring of willpower
HPRegen 0.31/turn    A - +5 ring of evasion
MPRegen 0.12/turn

%: reflection
@: about to teleport
A: horns 2, retaliatory headbutt, [deformed body], [frail 3], [cold
vulnerability 2]
a: Renounce Religion, Heroism, Finesse


You were on level 2 of the Abyss.
You worshipped Okawaru.
Okawaru was greatly pleased with you.
You visited 2 branches of the dungeon, and saw 11 of its levels.
You visited the Abyss 1 time.
You also visited: Bailey.

You collected 1129 gold pieces.
You spent 6 gold pieces at shops.

Inventory:

Hand Weapons
 a - a +0 war axe
 L - a +0 broad axe (weapon)
 N - a +0 broad axe
Missiles
 k - 29 poisoned darts
 D - a throwing net
Armour
 b - a +0 scale mail
 c - a +0 buckler (worn)
 p - a +0 plate armour
 r - a scarf of resistance (worn)
 B - a +1 pair of boots
 K - a +2 pair of boots (worn)
 M - a +3 plate armour (worn)
 P - a +2 ring mail of fire resistance
 Q - a +1 pair of boots of flying
Jewellery
 d - a ring of magical power
 e - a ring of willpower (left hand)
 f - an amulet of guardian spirit
 x - an amulet of reflection (around neck)
 z - a ring of resist corrosion
 A - a +5 ring of evasion (right hand)
 T - a ring of fire
Wands
 t - a wand of polymorph (5)
 y - a wand of flame (31)
 F - a wand of iceblast (4)
 G - a wand of digging (4)
 S - a wand of paralysis (2)
Scrolls
 g - 2 scrolls of vulnerability
 h - 5 scrolls of enchant armour
 i - 2 scrolls of teleportation
 j - a scroll of torment
 u - a scroll of revelation
 C - a scroll of enchant weapon
 E - a scroll of amnesia
 H - 2 scrolls of fear
 O - 2 scrolls of acquirement
 R - a scroll of immolation
 V - a scroll of summoning {unknown}
Potions
 l - 4 potions of heal wounds
 m - a potion of mutation {unknown}
 n - 5 potions of enlightenment
 o - 2 potions of brilliance
 q - 4 potions of curing
 s - 3 potions of degeneration
 v - 2 potions of lignification
 w - a potion of attraction {unknown}
 J - a potion of cancellation {unknown}
 U - a potion of haste {unknown}


   Skills:
 - Level 10.0 Fighting
 - Level 18.0 Axes
 + Level 4.9 Armour
 + Level 4.2 Dodging
 - Level 5.0 Shields


You had 10 spell levels left.
You didn't know any spells.
Your spell library contained the following spells:

 Spells                   Type           Power      Damage    Failure   Level
 Sandblast                Erth           0%         2d4       100%        1
 Passwall                 Tmut/Erth      0%         N/A       100%        2
 Stone Arrow              Conj/Erth      0%         3d7       100%        3
 Brom's Barrelling Bould  Conj/Erth      0%         2d3       100%        4


Dungeon Overview and Level Annotations

Branches:
Dungeon (10/15)            Temple (1/1) D:6          Bailey (visited)
   Lair: D:8-11         Orc: D:9-12

Altars:
Ashenzari
Cheibriados
Dithmenos
Elyvilon
Fedhas
Gozag
Hepliaklqana
Kikubaaqudgha
Makhleb
Nemelex Xobeh
Okawaru
Qazlal
Ru
Sif Muna
Trog
Uskayaw
Vehumet
Wu Jian
Xom
Yredelemnul
Zin
The Shining One

Shops:
D:4 *   D:7 (   D:9 (

Annotations:
D:10 Sonja


Innate Abilities, Weirdness & Mutations

You have a pair of horns on your head.
You reflexively headbutt those who attack you in melee.
[Armour fits poorly on your strangely shaped body.]
[You are extremely frail. (-30% HP)]
[You are very vulnerable to cold. (rC--)]


Message History

You are knocked back by the lance of force.
You collide with the large abomination!
The large abomination is moderately damaged.
You hit the large abomination.
The large abomination is moderately damaged.
The large abomination barely misses you.
You furiously retaliate!
You headbutt the large abomination!
The wretched star glows turbulently.
You block the lance of force... and reflect it back!
The lance of force misses the wretched star.
You barely miss the large abomination.
You headbutt the large abomination, but do no damage.
The large abomination is heavily damaged.
You hit the large abomination but do no damage.
The large abomination is heavily damaged.
The large abomination hits you.
* * * LOW HITPOINT WARNING * * *
You hit the large abomination.
You headbutt the large abomination, but do no damage.
The large abomination is heavily damaged.
You hit the wretched star. The large abomination hits you!!
* * * LOW HITPOINT WARNING * * *
You slash the wretched star! Your headbutt misses the wretched star.
The wretched star is lightly damaged.
You hit the large abomination but do no damage.
The wretched star pulses with an eldritch light!
You feel frail. x2; You feel vulnerable to cold. x2
The large abomination hits you.
* * * LOW HITPOINT WARNING * * *
You closely miss the wretched star.
The wretched star is lightly damaged.
You barely miss the large abomination. You slash the wretched star!
You headbutt the wretched star, but do no damage.
The wretched star is moderately damaged.
You slash the large abomination!
The wretched star pulses with an eldritch light!
You feel frail. The large abomination hits you!
You die...

### ## #. . #.#
##..##. . #..#.
. .# .# ##....#
#..#####..# #.
..## #.#......
##.#.#.##.
#...... #.
..#.*## #...#
...#..##@##...X#
# .....
##X.#.#......
#..# #......## .
... # #*...#
.#..# # .# #..
##.#.###...# .#
# . ##. .....
#..##. ##. .....
.. . ## #.# .
... # #


You could see a wretched star and a large abomination.

Vanquished Creatures
  Erica (D:8)
  2 orc knights (Bailey)
  Joseph (D:9)
  Jeremiah (D:7)
  An unseen horror (D:10)
  3 trolls
  Prince Ribbit (D:5)
  2 hellwings (Abyss:2)
  A hornet (D:7)
  A shadow (D:9)
  14 yaks (D:10)
  A wyvern (D:9)
  Eustachio (D:4)
  Duvessa (D:4)
  A water moccasin (D:9)
  8 orc warriors
  A black bear (D:5)
  3 ice beasts
  3 centaurs
  An ogre (D:6)
  A phantom (D:6)
  2 kobold brigands
  2 gnoll sergeants
  3 bullfrogs
  4 scorpions
  A small abomination (Abyss:2)
  14 wights
  Dowan (D:4)
  11 howler monkeys
  2 hounds
  3 jellies
  3 orc priests
  An iron imp (Abyss:2)
  8 iguanas
  A sleepcap (D:5)
  Ijyb (D:4)
  4 orc wizards
  11 gnolls
  10 adders
  4 shadow imps
  2 white imps
  An ufetubus (D:7)
  3 worms
  A dart slug (D:2)
  24 orcs
  4 ball pythons
  7 endoplasms
  4 giant cockroaches
  9 goblins
  6 hobgoblins
  A jackal (D:4)
  25 kobolds
  12 quokkas
  5 bats
  2 frilled lizards
  5 rats
  A starspawn tentacle (Abyss:2)
247 creatures vanquished.

Vanquished Creatures (others)
  A starspawn tentacle (Abyss:2)
1 creature vanquished.

Grand Total: 248 creatures vanquished

Notes
Turn   | Place    | Note
-------+----------+-------------------------------------------
     0 | D:1      | Joey1 the Minotaur Fighter began the quest for the Orb.
     0 | D:1      | Reached XP level 1. HP: 19/19 MP: 0/0
   101 | D:1      | Reached skill level 3 in Axes
   114 | D:1      | Reached XP level 2. HP: 26/26 MP: 1/1
   322 | D:1      | Reached skill level 4 in Axes
   451 | D:2      | Reached XP level 3. HP: 31/31 MP: 2/2
   638 | D:2      | Found a sparkling altar of Nemelex Xobeh.
   903 | D:2      | Reached skill level 5 in Axes
  1282 | D:3      | Reached XP level 4. HP: 39/39 MP: 3/3
  1520 | D:3      | You fall into a shaft and drop 1 floor!
  1536 | D:4      | Noticed a scorpion
  1544 | D:4      | Killed a scorpion
  1545 | D:4      | Reached skill level 6 in Axes
  1545 | D:4      | Reached XP level 5. HP: 41/45 MP: 4/4
  1624 | D:4      | Noticed Dowan
  1626 | D:4      | Noticed Eustachio
  1669 | D:4      | Killed Eustachio
  1670 | D:4      | Reached skill level 8 in Axes
  1670 | D:4      | Reached XP level 6. HP: 51/51 MP: 5/5
  1678 | D:4      | Killed Dowan
  1774 | D:4      | Noticed Duvessa
  1787 | D:4      | HP: 1/51 [Duvessa/+0 short sword (5)]
  1788 | D:4      | Killed Duvessa
  1789 | D:4      | Reached skill level 9 in Axes
  1998 | D:4      | Reached XP level 7. HP: 57/57 MP: 6/6
  2018 | D:4      | Found Etuudgh's CLEARANCE SALE!.
  2027 | D:4      | Bought a potion of lignification for 6 gold pieces
  2272 | D:4      | Reached skill level 10 in Axes
  2340 | D:4      | Noticed Ijyb
  2377 | D:4      | Killed Ijyb
  2838 | D:5      | Entered Level 5 of the Dungeon
  2843 | D:5      | Reached skill level 11 in Axes
  2892 | D:5      | Reached XP level 8. HP: 64/64 MP: 7/7
  3029 | D:5      | Noticed Prince Ribbit
  3139 | D:5      | Found an ornate altar of the Wu Jian Council.
  3447 | D:5      | Reached skill level 12 in Axes
  3683 | D:5      | Killed Prince Ribbit
  3684 | D:5      | Reached skill level 1 in Dodging
  4146 | D:6      | Reached skill level 5 in Fighting
  4146 | D:6      | Reached skill level 5 in Shields
  4148 | D:6      | Noticed a troll
  4359 | D:6      | Killed a troll
  4360 | D:6      | Reached XP level 9. HP: 46/74 MP: 8/8
  4557 | D:6      | Reached skill level 13 in Axes
  4571 | D:6      | Found a staircase to the Ecumenical Temple.
  4606 | Temple   | Entered the Ecumenical Temple
  4636 | Temple   | Became a worshipper of Warmaster Okawaru
  4688 | D:6      | Found a snail-covered altar of Cheibriados.
  4881 | D:6      | Found a white marble altar of Elyvilon.
  5101 | D:7      | Found a broken altar of Ashenzari.
  5156 | D:7      | Reached * piety under Okawaru
  5157 | D:7      | Reached skill level 14 in Axes
  5398 | D:7      | Found Uxied's Weapon Boutique.
  5451 | D:7      | Found a flagged portal.
  5474 | Bailey   | Entered a bailey
  5490 | Bailey   | Noticed an orc knight
  5621 | Bailey   | Noticed an orc knight
  5653 | Bailey   | Killed an orc knight
  5654 | Bailey   | Reached skill level 15 in Axes
  5725 | Bailey   | Killed an orc knight
  5725 | Bailey   | Reached ** piety under Okawaru
  5727 | Bailey   | Reached XP level 10. HP: 45/81 MP: 9/9
  5737 | Bailey   | Reached skill level 16 in Axes
  6141 | D:7      | Noticed Jeremiah
  6203 | D:7      | Killed Jeremiah
  7131 | D:8      | Noticed Erica
  7155 | D:8      | Killed Erica
  7155 | D:8      | Reached *** piety under Okawaru
  7642 | D:8      | Identified 2 scrolls of acquirement
  7682 | D:9      | Noticed Joseph
  7738 | D:9      | Killed Joseph
  7739 | D:9      | Reached skill level 17 in Axes
  7990 | D:9      | Reached **** piety under Okawaru
  8365 | D:9      | Reached XP level 11. HP: 82/97 MP: 10/10
  8431 | D:9      | Found Ucloh's Weapon Boutique.
  8587 | D:10     | Entered Level 10 of the Dungeon
  8673 | D:10     | Reached skill level 10 in Fighting
  8681 | D:10     | Reached skill level 18 in Axes
  8693 | D:10     | Reached ***** piety under Okawaru
  8801 | D:10     | Found a burning altar of Makhleb.
  8801 | D:10     | Noticed a blizzard demon
  9224 | D:10     | Noticed Sonja
  9425 | Abyss:2  | Cast into level 2 of the Abyss (Sonja)
  9452 | Abyss:2  | Noticed a tentacled starspawn
  9525 | Abyss:2  | Noticed a large abomination
  9535 | Abyss:2  | Noticed a wretched star
  9544 | Abyss:2  | HP: 3/79 [large abomination (5)]
  9546 | Abyss:2  | Mangled by a large abomination

Illustrated notes

Levels and vault maps discovered:
D:1:      minmay_arrival_three_doors, layout_basic, moated_statue
D:2:      layout_loops_ring, basic_altar, roderic_lattice_a,
          nicolae_concentric_dashed_squares_mild, kennysheep_decorative_pillar
D:3:      layout_loops_ring, shapermc_ecumenical_altar_mp_ritualfount,
          minmay_randomly_rotated_circles
D:4:      minmay_chambers_of_threes, layout_basic, nicolae_shop_clearance,
          uniq_duvessa, uniq_eustachio, uniq_ijyb
D:5:      layout_gridville, pdpol_wu_jian_five_deadly_venoms,
          minmay_misc_feat_four_crosses, uniq_prince_ribbit1
D:6:      layout_basic, nicolae_elyvilon_peaceful_grove, slow_altar_2,
          minmay_temple_entry_glassed_door
D:7:      layout_basic, kennysheep_mini, serial_shops, nicolae_shop_stone,
          enter_bailey_2, hex_intersection, uniq_jeremiah
D:8:      layout_basic, nicolae_houndstooth_variations, uniq_erica
D:9:      layout_irregular_city, nicolae_take_the_stairs, nicolae_letterblocks
          [nicolae_letter_subblock, nicolae_letter_subblock,
          nicolae_letter_subblock, nicolae_letter_subblock,
          nicolae_letter_subblock, nicolae_letter_subblock,
          nicolae_letter_subblock, nicolae_letter_subblock,
          nicolae_letter_subblock, nicolae_letter_subblock,
          nicolae_letter_subblock, nicolae_letter_subblock,
          nicolae_letter_subblock, nicolae_letter_subblock,
          nicolae_letter_subblock, nicolae_letter_subblock,
          nicolae_letter_subblock, nicolae_letter_subblock,
          nicolae_letter_subblock, nicolae_letter_subblock,
          nicolae_letter_subblock, nicolae_letter_subblock,
          nicolae_letter_subblock, nicolae_letter_subblock,
          nicolae_letter_subblock], uniq_joseph
D:10:     layout_basic, makhleb_altar_promises_db, lair_entry_dummy, uniq_sonja
Temple:   bh_familiar_temple
Abyss:2:  base: D:10, hangedman_summoners_spam

Skill      XL: |  1  2  3  4  5  6  7  8  9 10 11 |
---------------+----------------------------------+-----
Axes           | 3 4 5 6 8 9 11 12 15 17 18 | 18.0
Fighting       | 5 9 10 | 10.0
Dodging        | 3 4 |  4.2
Shields        | 5 |  5.0
Armour         | 4 |  4.9

Action                     |  1- 3 |  4- 6 |  7- 9 | 10-12 || total
---------------------------+-------+-------+-------+-------++-------
  Melee: War axe           |    87 |    68 |   261 |       ||   416
         Headbutt          |    10 |    10 |    56 |    65 ||   141
         Broad axe         |       |       |    44 |   316 ||   360
 Invoke: Heroism           |       |       |       |     2 ||     2
         Finesse           |       |       |       |     1 ||     1
    Use: Potion            |       |     1 |       |       ||     1
         Scroll            |       |       |     8 |     7 ||    15
 Armour: Scale mail        |    42 |       |       |       ||    42
         Plate armour      |    13 |    59 |   152 |   199 ||   423
         Skin              |       |     5 |       |       ||     5
  Dodge: Dodged            |    46 |    11 |    87 |    85 ||   229
  Block: Buckler           |    15 |    18 |    96 |   100 ||   229
         Reflection        |       |       |    17 |     7 ||    24

Table legend: (Time is in decaauts)
 A = Elapsed time spent in this place.
 B = Non-inter-level travel time spent in this place.
 C = Inter-level travel time spent in this place.
 D = Time resting spent in this place.
 E = Time spent auto-exploring this place.
 F = Levels seen in this place.
 G = Mean time per level.
                   A        B        C        D        E       F      G
               +--------+--------+--------+--------+--------+-----+--------+
         Total |   9527 |   9053 |    474 |   1011 |   5458 |  13 |  732.8 |
       Dungeon |   8696 |   8277 |    419 |    829 |   5284 |  10 |  869.6 |
        Temple |     59 |      4 |     55 |      0 |      0 |   1 |   59.0 |
         Abyss |    115 |    115 |      0 |      0 |      0 |   1 |  115.0 |
        Bailey |    655 |    655 |      0 |    182 |    174 |   1 |  655.0 |
               +--------+--------+--------+--------+--------+-----+--------+

Top non-repeatable levels by time:
     D:4: 1373 daAuts
     D:9: 1282 daAuts
     D:7: 1126 daAuts
     D:5: 1062 daAuts
     D:6: 979 daAuts
     D:8: 864 daAuts
     D:2: 843 daAuts
  Bailey: 655 daAuts
     D:1: 460 daAuts
    D:10: 453 daAuts
     D:3: 251 daAuts
 Abyss:2: 115 daAuts
  Temple: 59 daAuts
